← All builds
Geo sea / Cortex / Economy first / OBSERVED BUILD

Standard geo sea

The role's default economy-first play: bot lab then shipyard in the cove, quick frigate/submarine/destroyer navy to contest sea and hold the coast, transitioning into whatever the sea fight needs.

Usually shipyard in the cove (98%)

#naval #eco · 897 distinct matches · 97 players · 83% of Cortex Geo sea games · team won 52% of 1005 · Recently observed

HOW TO PLAY IT

Key timing: Shipyard by 3:18

  1. Open 3 mex, wind and solar, then Bot Lab.
  2. Get a BP and costal torpedo launcher up before the Shipyard.
  3. Put up Shipyard once you can defend it.
  4. Push out "submarine" and "frigate" to contest the sea.
  5. Add geothermal to fund the fleet transition into "destroyer", "missile corvette".

Phase by phase

TYPICAL OF ITS 897 GAMES
  1. 1
  2. 2
  3. 3
  4. 4
PLAY THE OPENING

Follow the example game's first 6:00 step by step: what to build now, what comes next, and where it goes. At 1× it keeps pace with your own game.

  1. 1

    Up to the Bot Lab

    Economy
    • Metal Extractor3Mex
    • Wind Turbine3Wind
    Order
    1. Bot LabBot Lab after 3 mex, 3 winddone ~1:12, middle half 1:06–1:26

    Some games also: wind for allies (49%)

    By 0:55 in all: 3 mex · 3 wind

    The example game in this phase · 3 steps
    1. Mex ×3
    2. Wind ×3
    3. Bot LabBot Labdone 1:03 · typical 1:12
  2. 2

    Bot Lab to Shipyard

    Economy
    • Metal Extractor1Mex
    • Wind Turbine2Wind
    Order
    1. ShipyardShipyard after 4 mex, 5 wind, 1 energy storagedone ~3:17, middle half 3:03–3:33
    Builders
    • Construction Bot3 Con bot
    • Graverobber2 Graverobber
    Army
    • Grunt1 Grunt

    Some games also: con turret (47%) · trasher (39%) · energy storage (34%) · wind for allies (33%)

    By 2:52 in all: 4 mex · 5 wind · 1 energy storage

    The example game in this phase · 17 steps
    1. Wind
    2. Construction BotCon bot
    3. GraverobberGraverobber
    4. Wind ×3
    5. Construction BotCon bot
    6. Wind
    7. Mex
    8. GraverobberGraverobber
    9. Construction BotCon bot
    10. GruntGrunt
    11. TrasherTrasher
    12. Wind
    13. GruntGrunt
    14. Mex
    15. Wind
    16. GraverobberGraverobber
    17. ShipyardShipyarddone 3:18 · typical 3:17
  3. 3

    Shipyard to 5:00

    Economy
    • Metal Extractor4Mex
    Builders
    • Construction Ship1 Con ship
    Army
    • Riptide2 Frigate
    • Orca1 Submarine
    Other
    • Radar Tower1 Radar Tower

    Some games also: Guard (50%) · wind (48%) · missile corvette (47%) · destroyer (46%) · gunboat (41%)

    By 5:00 in all: 8 mex · 6 wind · 1 energy storage · 1 con turret

    The example game in this phase · 18 steps
    1. Wind
    2. Mex
    3. Radar TowerRadar Tower
    4. RiptideFrigatedone 3:34 · typical 4:35
    5. Wind
    6. Radar TowerRadar Tower
    7. Construction ShipCon ship
    8. RiptideFrigate ×2
    9. HerringMissile corvette
    10. Mex
    11. RiptideFrigate
    12. Con turret
    13. Mex
    14. Converter
    15. OrcaSubmarinedone 5:21 · typical 4:19
    16. Naval Radar / Sonar TowerNaval Radar / Sonar Tower
    17. Converter
    18. Radar TowerRadar Tower
  4. 4

    5:00 to 10:00

    Economy
    • Metal Extractor2Mex
    • Wind Turbine8Wind
    • Energy Converter1Converter
    Builders
    • Construction Turret1 Con turret
    • Death Cavalry2 Death Cavalry
    • Construction Ship1 Con ship
    Army
    • Guard2 Guard
    • Riptide5 Frigate
    • Herring2 Missile corvette
    Other
    • Naval Radar / Sonar Tower2 Naval Radar / Sonar Tower

    Some games also: geo (48%) · Thistle (42%) · submarine (33%)

    By 10:00 in all: 10 mex · 15 wind · 1 geo · 4 converter · 1 energy storage · 2 con turret

    The example game in this phase · 114 steps
    1. Geothermal PowerplantGeodone 6:21 · typical 8:00
    2. Wind
    3. RiptideFrigate
    4. Wind
    5. Mex
    6. Death CavalryDeath Cavalry
    7. Wind
    8. Naval Radar / Sonar TowerNaval Radar / Sonar Tower
    9. RiptideFrigate
    10. Wind
    11. Con turret
    12. Wind
    13. OppressorDestroyerdone 7:12 · typical 5:51
    14. Wind
    15. GuardGuard
    16. Con turret
    17. GuardGuard
    18. ThistleThistle
    19. RiptideFrigate
    20. ThistleThistle
    21. Energy storage
    22. Naval Radar / Sonar TowerNaval Radar / Sonar Tower
    23. Converter
    24. Wind
    25. HerringMissile corvette
    26. Converter
    27. Wind
    28. Naval Radar / Sonar TowerNaval Radar / Sonar Tower
    29. Converter
    30. HerringMissile corvette
    31. Wind
    32. Naval Radar / Sonar TowerNaval Radar / Sonar Tower
    33. Converter
    34. Death CavalryDeath Cavalry
    35. RiptideFrigate
    36. Converter
    37. Wind
    38. Converter
    39. Mex
    40. OppressorDestroyer
    41. Wind
    42. Converter
    43. OrcaSubmarine
    44. OppressorDestroyer
    45. Naval Radar / Sonar TowerNaval Radar / Sonar Tower
    46. Mex
    47. Converter
    48. Naval Radar / Sonar TowerNaval Radar / Sonar Tower
    49. Wind
    50. Con turret
    51. Naval Radar / Sonar TowerNaval Radar / Sonar Tower
    52. Advanced Metal ExtractorT2 mexdone 10:11 · typical 9:22
    53. Wind
    54. Mex
    55. Wind ×3
    56. Naval Radar / Sonar TowerNaval Radar / Sonar Tower
    57. Wind ×2
    58. Naval Radar / Sonar TowerNaval Radar / Sonar Tower
    59. Wind ×3
    60. RiptideFrigate
    61. Wind
    62. Advanced Metal ExtractorT2 mex
    63. Wind
    64. RiptideFrigate
    65. Wind ×3
    66. RiptideFrigate
    67. Wind
    68. Naval Radar / Sonar TowerNaval Radar / Sonar Tower
    69. Wind ×3
    70. Advanced Metal ExtractorT2 mex
    71. RiptideFrigate
    72. Wind
    73. JellyfishJellyfish
    74. Construction ShipCon ship
    75. OppressorDestroyer
    76. Naval Energy Storage
    77. Naval Construction Turret
    78. Wind
    79. Naval Energy Storage
    80. Wind
    81. Con turret
    82. Naval Energy Storage
    83. Naval Construction Turret
    84. Naval Radar / Sonar TowerNaval Radar / Sonar Tower
    85. RiptideFrigate
    86. Naval Energy Storage
    87. Wind ×2
    88. Advanced Metal ExtractorT2 mex
    89. Wind
    90. RiptideFrigate
    91. Wind ×7
    92. RiptideFrigate
    93. Wind ×4
    94. RiptideFrigate
    95. Wind ×2
    96. Death CavalryDeath Cavalry
    97. Wind
    98. Death CavalryDeath Cavalry
    99. Wind
    100. Death CavalryDeath Cavalry
    101. Wind
    102. RiptideFrigate
    103. OrcaSubmarine
    104. Wind
    105. Advanced ShipyardAdvanced Shipyarddone 14:54
    106. RiptideFrigate
    107. HerringMissile corvette
    108. Wind
    109. HerringMissile corvette ×3
    110. Wind
    111. Naval Radar / Sonar TowerNaval Radar / Sonar Tower
    112. Wind
    113. Advanced Construction SubAdvanced Construction Sub
    114. Wind

Counts are medians over the build's games: half of them build more, half fewer. The example game is Hannodins's (36 OS, 16/09/2026); pick another.

Team trades

IN AT LEAST 30% OF ITS GAMES

You hand over

  • Wind Turbine2 Wind to Airfirst at 1:47 · in 73% of games

You get

  • Finch1 Finch from Airfirst at 1:51 · in 82% of games
  • Hercules1 Light transport from Airfirst at 2:00 · in 75% of games
  • Advanced Construction Bot1 T2 con bot from Techfirst at 7:44 · in 89% of games

How it plays out

Typical game of this build, running totals by minute

Metal produced

010k20k30k
0:005:0010:0015:00

metal

Enemy metal destroyed

05k10k
0:005:0010:0015:00

metal

Own metal lost

02.5k5k7.5k
0:005:0010:0015:00

metal

1005 games.

Show as table
ByMetal produced: This buildEnemy metal destroyed: This buildOwn metal lost: This build
1:0039700
2:0092800
3:00157100
4:002914051
5:00411013052
6:005467440232
7:006953931547
8:0086241570891
9:001051024401344
10:001264436272050
11:001523749202921
12:001815364203827
13:002150674134511
14:002505786485441
15:002879297896342
WHAT THE NUMBERS SAY

Standard Cortex geo sea sits at an even 50% win rate, trading a slower start for a big resource lead by 15:00.

  • + Metal produced hits 28451 by 15:00, well above both front roles
  • + Own metal lost stays far below enemy metal destroyed at every checkpoint
  • − Only 50% team win rate, the lowest of these six builds
  • − T2 factory only completes in 40% of games by 12:53
THE EXAMPLE YOU ARE READING

Hannodins

36.4 OS · 16/09/2026

Open source match ↗

18 received units · includes a constructor
186 metal received · 51366 energy received

Allied construction assistance is unknown. Timings are observations, not a promise of solo reproducibility.

Typical milestones

Bot Lab1:12Middle 50%: 1:06–1:26 · n=999
Shipyard3:17Middle 50%: 3:03–3:33 · n=1000
Orca4:19Middle 50%: 3:53–4:59 · n=686
Riptide4:35Middle 50%: 4:08–5:20 · n=977
Oppressor5:51Middle 50%: 5:08–6:32 · n=912
Geothermal Powerplant8:00Middle 50%: 7:01–8:58 · n=605
Advanced Metal Extractor9:22Middle 50%: 8:45–10:10 · n=861

Played most by

sirniho119games of this buildOptimusprimenutt78games of this buildSHOGVN74games of this buildPRO_Rerory46games of this buildhihimik41games of this build